 Dungeon Crawl Stone Soup version 0.28.0-53-g5a82cb258f (webtiles) character file.

Game seed: 2819835568230412330

31 Zeld the Conjurer (level 3, -9/26 HPs)
             Began as a Draconian Conjurer on June 11, 2022.
             Mangled by an ogre
             ... wielding a +0 giant club
              (21 damage)
             ... on level 4 of the Dungeon.
             The game lasted 00:02:23 (2408 turns).

Zeld the Conjurer (Draconian Conjurer)              Turns: 2408, Time: 00:02:24

Health: -9/26      AC:  5    Str:  9    XL:     3   Next: 7%
Magic:  3/6        EV: 12    Int: 20    God:
Gold:   24         SH:  0    Dex:  9    Spells: 3/6 levels left

rFire   . . .      SeeInvis .   (no weapon)
rCold   . . .      Faith    .   (no shield)
rNeg    . . .      Spirit   .   (armour unavailable)
rPois   +          Reflect  .   (helmet restricted)
rElec   .          Harm     .   (no cloak)
rCorr   .          Rampage  .   (no gloves)
Will    +....                   (no boots)
Stlth   ++........              (no amulet)
HPRegen 0.08/turn               c - ring of poison resistance
MPRegen 0.10/turn               e - ring of willpower

@: no status effects
A: AC +5, unfitting armour, cold-blooded
a: no special abilities


You were on level 4 of the Dungeon.
You visited 1 branch of the dungeon, and saw 4 of its levels.

You collected 24 gold pieces.

Inventory:

Jewellery
 c - a ring of poison resistance (left hand)
 e - a ring of willpower (right hand)
Scrolls
 a - 2 scrolls of fog {unknown}
 b - a scroll of enchant armour {unknown}
 d - a scroll of noise {unknown}
 f - a scroll of teleportation {unknown}
Potions
 g - a potion of attraction {unknown}


   Skills:
 - Level 1.7 Dodging
 - Level 1.7 Stealth
 + Level 2.2 Spellcasting
 + Level 4.2 Conjurations
 * Level 1.1 Hexes
 * Level 1.4 Translocations


You had 3 spell levels left.
You knew the following spells:

 Your Spells              Type           Power      Damage    Failure   Level
a - Magic Dart            Conj           76%        1d6       2%          1
b - Searing Ray           Conj           38%        2d5       4%          2

Your spell library contained the following spells:

 Spells                   Type           Power      Damage    Failure   Level
 Dazzling Flash           Conj/Hex       26%        N/A       16%         3
 Iskenderun's Mystic Bla  Conj/Tloc      13%        2d5       43%         4
 Fulminant Prism          Conj/Hex       6%         3d7       45%         4


Dungeon Overview and Level Annotations

Branches:
Dungeon (4/15)
 Temple: D:4-7

Altars:

Shops:
D:2 *


Innate Abilities, Weirdness & Mutations

Your plain brown scales are hard. (AC +5)
You cannot fit into any form of body armour.
You are cold-blooded and may be slowed by cold attacks.


Message History

Confirm with . or Enter, or press ? or * to list all spells.
Aiming: Magic Dart (safe; 2% risk of failure)
Press: ? - help, Shift-Dir - straight line, f/p - ogre
Aim: an ogre, wielding a +0 giant club (severely wounded, 100% to hit)
The magic dart hits the ogre.
The ogre is severely wounded.
The ogre closely misses you.
Unknown command.
Casting: Magic Dart (safe; 2% risk of failure)
Confirm with . or Enter, or press ? or * to list all spells.
Aiming: Magic Dart (safe; 2% risk of failure)
Press: ? - help, Shift-Dir - straight line, f/p - ogre
Aim: an ogre, wielding a +0 giant club (severely wounded, 100% to hit)
The magic dart hits the ogre.
The ogre is almost dead.
Unknown command.
Casting: Magic Dart (safe; 2% risk of failure)
Confirm with . or Enter, or press ? or * to list all spells.
Aiming: Magic Dart (safe; 2% risk of failure)
Press: ? - help, Shift-Dir - straight line, f/p - ogre
Aim: an ogre, wielding a +0 giant club (almost dead, 100% to hit)
The magic dart hits the ogre.
The ogre is almost dead.
The ogre closely misses you.
Unknown command.
The black bear growls angrily.
A goblin comes into view. It is wielding a +0 club.
The goblin shouts!
An ogre comes into view. It is wielding a +0 giant spiked club.
The ogre shouts!
The goblin hits you but does no damage.
Found 18 gold pieces.
The ogre hits you with a +0 giant spiked club!
Ouch! That really hurt!
A scorpion comes into view.
You closely miss the scorpion.
The scorpion stings you but does no damage.
The ogre hits you with a +0 giant club!!
Ouch! That really hurt!
You die...

## #....#......#
.#######.##<#......#
.'.......##........#
.############...(..#######
.# #............# .#
#..†.........# .#
#.......)....# .#
#............### .#
#...@........#.. ##
#######s#O.......#.######
#.......#........#.#.....
#.####.####O######.......
#.....#.#.gh.gh....####
#.......#######..#.....
#<..###.#######..##.#.$
#......h......#.....# #
#.....#.#####.#.#####.


You could see a black bear, 2 ogres, a scorpion and a goblin.

Vanquished Creatures
  2 worms
  2 bats
  2 endoplasms (D:2)
  3 goblins
  2 hobgoblins
  4 jackals
  5 ball pythons (D:2)
  A kobold (D:3)
21 creatures vanquished.

Vanquished Creatures (others)
  5 fungi (D:2)
5 creatures vanquished.

Grand Total: 26 creatures vanquished

Notes
Turn   | Place    | Note
-------+----------+-------------------------------------------
     0 | D:1      | Zeld the Draconian Conjurer began the quest for the Orb.
     0 | D:1      | Reached XP level 1. HP: 14/14 MP: 3/3
   345 | D:2      | Found Noczut's General Store.
   979 | D:2      | Reached XP level 2. HP: 16/20 MP: 1/5
   987 | D:1      | Reached skill level 1 in Translocations
   991 | D:1      | Learned a level 2 spell: Searing Ray
  1432 | D:2      | Reached skill level 1 in Hexes
  1720 | D:4      | Noticed an ogre
  2152 | D:3      | Reached XP level 3. HP: 26/26 MP: 4/6
  2191 | D:3      | Noticed a sky beast
  2352 | D:4      | Noticed a black bear
  2388 | D:4      | Noticed an ogre
  2407 | D:4      | Noticed a scorpion
  2408 | D:4      | Mangled by an ogre

Illustrated notes

Levels and vault maps discovered:
D:1:      saegor_arrival_simple_d, layout_loops_corners, serial_shops,
          nicolae_shop_behind_doors, basic_ecumenical_altar
D:2:      layout_rooms, serial_shops, nicolae_shop_trees,
          uniq_crazy_yiuf_cottage
D:3:      layout_loops_corners, mainiacjoe_overflow_concentric_impassable
D:4:      layout_basic, serial_shops, shop, kennysheep_dice, uniq_robin

Skill      XL: |  1  2 |
---------------+-------+-----
Translocations | 1 |  1.4
Hexes          | 1 |  1.1
Dodging        | |  1.7
Stealth        | |  1.7
Spellcasting   | |  2.2
Conjurations   | |  4.2

Action                   || total
-------------------------++-------
Melee: Unarmed           ||    34
       Tailslap          ||    11
 Cast: Magic Dart        ||    45
       Searing Ray       ||     3
Armor: Skin              ||    21
Dodge: Dodged            ||    57
